 Dungeon Crawl Stone Soup version 0.30-a0-339-g89bb51ec76 (webtiles) character file.

Game seed: 9854601174683897812

5 ColgateMemes the Caller (level 1, -1/10 HPs)
             Began as a Kobold Summoner on Oct 31, 2022.
             Slain by a gnoll
             ... wielding a +0 spear
              (6 damage)
             ... on level 2 of the Dungeon.
             The game lasted 00:06:50 (522 turns).

ColgateMemes the Caller (Kobold Summoner)            Turns: 522, Time: 00:06:50

Health: -1/10      AC:  2    Str:  5    XL:     1   Next: 88%
Magic:  0/3        EV: 15    Int: 16    God:
Gold:   0          SH:  0    Dex: 15    Spells: 3/4 levels left

rFire   . . .      SeeInvis .    c - +0 short sword
rCold   . . .      Faith    .    (no shield)
rNeg    . . .      Spirit   .    a - +0 robe
rPois   .          Reflect  .    (no helmet)
rElec   .          Harm     .    (no cloak)
rCorr   .          Rampage  .    (no gloves)
Will    .....                    (no boots)
Stlth   +++.......               (no amulet)
HPRegen 0.21/turn                (no ring)
MPRegen 0.08/turn                (no ring)

@: no status effects
A: small, no large weapons, nightstalker 3
a: no special abilities


You were on level 2 of the Dungeon.
You visited 1 branch of the dungeon, and saw 2 of its levels.

Inventory:

Hand Weapons
 c - a +0 short sword (weapon)
Armour
 a - a +0 robe (worn)
Potions
 b - a potion of magic
 d - a potion of haste {unknown}


   Skills:
 + Level 2.8 Dodging
 + Level 2.6 Stealth
 + Level 2.1 Spellcasting
 + Level 4.1 Summonings


You had 3 spell levels left.
You knew the following spells:

 Your Spells              Type           Power      Damage    Failure   Level
a - Summon Small Mammal   Summ           56%        N/A       3%          1

Your spell library contained the following spells:

 Spells                   Type           Power      Damage    Failure   Level
 Call Imp                 Summ           14%        N/A       6%          2
 Call Canine Familiar     Summ           14%        N/A       12%         3
 Summon Guardian Golem    Hex/Summ       8%         N/A       26%         3
 Summon Lightning Spire   Summ/Air       8%         N/A       65%         4
 Summon Forest            Summ/Tloc      4%         N/A       94%         5
 Summon Mana Viper        Hex/Summ       8%         N/A       94%         5
 Summon Cactus Giant      Summ           7%         N/A       99%         6


Dungeon Overview and Level Annotations

Branches:
Dungeon (2/15)

Altars:


Innate Abilities, Weirdness & Mutations

You are small and have problems with some larger weapons.
You are completely attuned to the shadows.


Message History

Your rat bites the bat.
The bat hits you but does no damage.
A gnoll comes into view. It is wielding a +0 halberd.
The gnoll closely misses your rat. The bat closely misses your rat.
The gnoll completely misses your bat.
Your rat barely misses the bat.
Your bat barely misses the bat.
The bat barely misses your bat.
A rat comes into view.
The bat closely misses you.
Your rat closely misses the gnoll.
Your bat hits the bat. The bat misses your bat.
Your bat barely misses the bat.
There is a stone staircase leading up here.
Your bat barely misses the gnoll.
The bat misses you.
The rat bites your bat but does no damage.
Something hits your rat. The bat hits you but does no damage.
Your bat hits the bat.
The bat hits your bat but does no damage.
Your bat misses the rat.
The gnoll hits your bat with a +0 spear.
Your bat dies!
Your bat's corpse disappears in a puff of smoke!
The bat closely misses you.
The bat hits your rat but does no damage.
Your rat misses the bat.
The kobold throws a stone.
The stone hits your rat.
Your rat dies!
Your rat's corpse disappears in a puff of smoke!
The gnoll completely misses you.
You are too injured to fight recklessly!
The rat attacks as you move away! The rat closely misses you.
You are too injured to fight recklessly!
Found a stone staircase leading down.
The rat attacks as you move away! The rat completely misses you.
The rat attacks as you move away! The rat misses you. The rat bites you.
The gnoll misses you.
Your bat barely misses the gnoll. x2; The bat hits you but does no damage.
Your bat misses the gnoll. The bat hits you but does no damage.
Your bat barely misses the gnoll.
The bat hits your rat.
The gnoll hits you from afar with a +0 halberd.
The gnoll hits you from afar with a +0 spear.
Ouch! That really hurt!
You die...

.....# #...# .....#
#...####### ....?...#
#.........#
.......b###...gr....#
...).........gr.@...#
.....§K.##.##bg.b...#
......<.##...>......#
############.########
#.#


You could see 3 gnolls, a bat, a rat, a friendly bat (summoned) and a friendly
rat (summoned).

Vanquished Creatures
  A bat (D:1)
  2 kobolds (D:1)
3 creatures vanquished.

Vanquished Creatures (collateral kills)
  A bat (D:1)
  2 kobolds
  A rat (D:1)
4 creatures vanquished.

Grand Total: 7 creatures vanquished

Notes
Turn   | Place    | Note
-------+----------+-------------------------------------------
     0 | D:1      | ColgateMemes the Kobold Summoner began the quest for the
                  | Orb.
     0 | D:1      | Reached XP level 1. HP: 10/10 MP: 3/3
   522 | D:2      | Slain by a gnoll

Illustrated notes

Levels and vault maps discovered:
D:1:      evilmike_arrival_crescent, layout_loops_cross
D:2:      layout_basic, kennysheep_generic_room_15, uniq_jessica, uniq_terence,
          uniq_crazy_yiuf_cottage

Action                   || total
-------------------------++-------
Melee: Short sword       ||    10
       Unarmed           ||     3
 Cast: Summon Small Mamm ||    12
  Use: Scroll            ||     4
 Stab: Sleeping          ||     1
Armor: Robe              ||     6
Dodge: Dodged            ||    35

Table legend: (Time is in decaauts)
 A = Elapsed time spent in this place.
 B = Non-inter-level travel time spent in this place.
 C = Inter-level travel time spent in this place.
 D = Time resting spent in this place.
 E = Time spent auto-exploring this place.
 F = Levels seen in this place.
 G = Mean time per level.
                   A        B        C        D        E       F      G
               +--------+--------+--------+--------+--------+-----+--------+
         Total |    521 |    517 |      4 |      0 |     56 |   2 |  260.5 |
       Dungeon |    521 |    517 |      4 |      0 |     56 |   2 |  260.5 |
               +--------+--------+--------+--------+--------+-----+--------+

Top non-repeatable levels by time:
     D:1: 493 daAuts
     D:2: 27 daAuts
